 Dungeon Crawl Stone Soup version 0.19.5 (console) character file.

48692 itsmu the Earth Mage (level 14, -3/82 HPs)
             Began as a Deep Elf Earth Elementalist on Mar 4, 2017.
             Was a High Priest of Sif Muna.
             Engulfed by a cloud of freezing vapour (21 damage)
             ... in an ice cave.
             The game lasted 01:20:21 (22345 turns).

itsmu the Earth Mage (Deep Elf Earth Elementalist) Turns: 22345, Time: 01:20:23

Health: -3/82      AC:  5    Str:  5    XL:     14   Next: 13%
Magic:  51/51      EV: 19    Int: 26    God:    Sif Muna [*****.]
Gold:   668        SH:  0    Dex: 15    Spells: 9 memorised, 14 levels left

rFire  + . .     SeeInvis +     b - 269 stones
rCold  . . .     Gourm    .     G - +1 robe {rF+}
rNeg   . . .     Faith    .     (no shield)
rPois  .         Spirit   .     A - +0 mask of the Dragon {MR+ Slay+3 SInv}
rElec  .         Reflect  .     p - +0 cloak
rCorr  .         Harm     .     T - +0 pair of gloves
MR     ++...                    (no boots)
Stlth  ++........               (no amulet)
                                m - ring of magical power
                                k - ring of magical power

@: no status effects
A: no striking features
a: Divine Energy, Channel Magic, Forget Spell, Renounce Religion


You were in an ice cave.
You worshipped Sif Muna.
Sif Muna was extremely pleased with you.
You were not hungry.

You visited 3 branches of the dungeon, and saw 18 of its levels.
You also visited: Ossuary and Ice Cave.

You collected 1223 gold pieces.
You spent 555 gold pieces at shops.

Inventory:

Hand Weapons
 a - a +1 whip of electrocution
   (You took it off Pikel on level 4 of the Dungeon)
Missiles
 b - 269 stones (in hand)
Armour
 p - a +0 cloak (worn)
   (You found it on level 6 of the Lair of Beasts)
 A - the +0 mask of the Dragon (worn) {MR+ Slay+3 SInv}
   (You found it on level 4 of the Dungeon)

   It affects your accuracy and damage with ranged weapons and melee attacks
   (+3).
   It affects your resistance to hostile enchantments.
   It lets you see invisible.
 G - a +1 robe of fire resistance (worn)
   (You took it off Dowan on level 6 of the Dungeon)
 J - a +0 shield
   (You found it on level 2 of the Lair of Beasts)
 T - a +0 pair of gloves (worn)
   (You found it on level 9 of the Dungeon)
Magical Staves
 P - an uncursed staff of fire
   (You found it in an ice cave)
Jewellery
 k - a ring of magical power (left hand)
   (You found it on level 1 of the Dungeon)
 m - a ring of magical power (right hand)
   (You found it on level 1 of the Dungeon)
 n - an uncursed ring of protection from magic
   (You found it on level 4 of the Dungeon)
 B - an uncursed ring of protection from cold
   (You found it on level 4 of the Dungeon)
 I - an uncursed ring of wizardry
   (You found it on level 7 of the Dungeon)
Wands
 e - a wand of digging (15/24)
   (You found it on level 2 of the Lair of Beasts)
 l - a wand of paralysis (16/24)
   (You found it on level 1 of the Lair of Beasts)
 o - a wand of confusion (47/48)
   (You found it on level 5 of the Dungeon)
 t - a wand of teleportation (3/9)
   (You found it on level 2 of the Lair of Beasts)
 D - a wand of iceblast (6/15)
   (You found it on level 1 of the Lair of Beasts)
 F - a wand of acid (12/15)
   (You found it in an ice cave)
 M - a wand of disintegration (6/24)
   (You found it on level 8 of the Dungeon)
 U - a wand of random effects (25/48)
   (You found it in an ice cave)
Scrolls
 g - 3 scrolls of identify
 i - 7 scrolls of remove curse
 s - 4 scrolls of fog
 w - 2 scrolls of blinking
 x - a scroll of enchant weapon
 y - 4 scrolls of teleportation
 z - 3 scrolls of magic mapping
 E - a scroll of holy word
 H - a scroll of fear
Potions
 c - 2 potions of magic
 f - 3 potions of flight
 j - a potion of cancellation
 r - 4 potions of curing
 u - 4 potions of agility
 v - 4 potions of brilliance
 C - a potion of might
 L - 2 potions of invisibility
 O - a potion of cure mutation {unknown}
 Z - a potion of lignification
Books
 W - Osykoplu's Grimoire of Ashen Flames
   (Sif Muna gifted it to you in an ice cave)

   Spells                             Type                      Level
   a - Sandblast                      Earth                        1
   b - Ignite Poison                  Fire/Transmutation/Poison    3
   c - Inner Flame                    Hexes/Fire                   3
   d - Leda's Liquefaction            Hexes/Earth                  4
   e - Petrify                        Transmutation/Earth          4
   f - Lee's Rapid Deconstruction     Earth                        5
   g - Statue Form                    Transmutation/Earth          6
   h - Shatter                        Earth                        9
Miscellaneous
 N - a sack of spiders
 Q - a phantom mirror
 R - a box of beasts
 S - a lamp of fire
   (You found it on level 9 of the Dungeon)
Comestibles
 d - 7 bread rations
 h - 20 chunks of flesh
 q - 22 fruits
 V - a meat ration


   Skills:
 - Level 7.1 Fighting
 - Level 5.0 Armour
 - Level 10.2 Dodging
 - Level 2.4 Stealth
 + Level 2.6 Shields
 * Level 13.3 Spellcasting
 - Level 7.0 Conjurations
 - Level 1.1 Transmutations
 * Level 16.4 Earth Magic
 - Level 7.3 Invocations


You had 14 spell levels left.
You knew the following spells:

 Your Spells              Type           Power        Failure   Level  Hunger
a - Sandblast             Erth           ######       0%          1    None
b - Stone Arrow           Conj/Erth      ######       1%          3    None
c - Petrify               Tmut/Erth      ######..     1%          4    None
d - Iron Shot             Conj/Erth      ######....   4%          6    #####..
f - Lee's Rapid Deconstr  Erth           #######...   1%          5    ##.....
A - Apportation           Tloc           ###.......   3%          1    None
B - Blink                 Tloc           N/A          6%          2    None
K - Animate Skeleton      Necr           N/A          3%          1    None
O - Repel Missiles        Chrm/Air       ###...       6%          2    None


Dungeon Overview and Level Annotations

Branches:
Dungeon (11/15)            Temple (1/1) D:7            Lair (6/6) D:11
  Swamp (0/4) Lair:2        Snake (0/4) Lair:2        Slime (0/5) Lair:5
    Orc (0/2) D:9

Altars:
Ashenzari
Dithmenos
Elyvilon
Fedhas
Gozag
Hepliaklqana
Kikubaaqudgha
Nemelex Xobeh
Okawaru
Ru
Sif Muna
Uskayaw
Vehumet
Xom
Yredelemnul

Shops:
D:5 }   D:10 }!(


Message History

* * * LOW HITPOINT WARNING * * *
Your yak skeleton is engulfed in freezing vapours.
Your death yak skeleton is engulfed in freezing vapours.
Your yak skeleton is engulfed in freezing vapours. x2
Your polar bear skeleton is engulfed in freezing vapours. x2
Press: ? - help, v - describe, . - travel
Here: a yak skeleton (freezing vapour, moderately damaged, friendly)
An ice covered gate leading back out of this place.
Unknown command.
You feel better.
You are engulfed in freezing vapours.
* * * LOW HITPOINT WARNING * * *
Your yak skeleton is engulfed in freezing vapours. x2
Your death yak skeleton is engulfed in freezing vapours.
Your polar bear skeleton is engulfed in freezing vapours.
Your yak skeleton is engulfed in freezing vapours.
Press: ? - help, v - describe, . - travel
Here: a yak skeleton (freezing vapour, moderately damaged, friendly)
An ice covered gate leading back out of this place.
You feel better.
You are engulfed in freezing vapours.
You die...

#...###ZZ#
#%.##
##.## #.##
#..# #.##
#..## ##.#
##§§# ##.#
##Z# #..#
#ZZ# #.##
#ZZ# #Z##
#M##
##.### #Z#
#Z#.## ###
#.Z..#
##.#Z##
#.###Z#
≈≈≈ #.
##Z##≈≈#≈
##
#.Z#≈≈≈≈≈
###
##Z##≈≈≈#≈
###.#


You could see 3 friendly yak skeletons, a friendly death yak skeleton and 2
friendly polar bear skeletons.

Vanquished Creatures
  A frost giant (IceCv)
  2 hydras
  7 death yaks
  2 unseen horrors (D:10)
  4 hill giants
  Pikel (D:4)
  An ugly thing (D:11)
  2 oklob plants (Lair:5)
  A manticore (D:11)
  4 elephants (Lair:3)
  5 black mambas
  8 spiny frogs
  A gargoyle (D:11)
  An ice statue (IceCv)
  A torpor snail (Lair:4)
  A centaur skeleton (D:11)
  8 rime drakes
  4 komodo dragons
  2 trolls
  10 polar bears
  A hornet (D:8)
  Prince Ribbit (D:7)
  11 blink frogs
  13 dream sheep
  6 hippogriffs
  2 wyverns
  31 yaks
  A basilisk (Lair:6)
  2 hungry ghosts
  2 steam dragons (D:11)
  A swamp worm (Lair:2)
  A warg (D:9)
  A mottled dragon (D:11)
  A naga (Lair:2)
  A soldier ant (D:8)
  10 porcupines
  Duvessa (D:6)
  6 water moccasins
  2 slaves (D:4)
  A swamp drake (Lair:3)
  2 ice beasts
  7 orc warriors
  2 ogres
  2 phantoms
  35 wolves
  3 centaurs
  A big kobold (D:10)
  17 crocodiles
  2 elf zombies (Ossuary)
  19 bullfrogs
  A gnoll sergeant (D:8)
  Blork the orc (D:4)
  A water moccasin zombie (D:8)
  Dowan (D:6)
  2 scorpions
  2 water moccasin skeletons
  5 wights (D:11)
  2 howler monkeys
  2 electric eels
  7 crimson imps
  3 jellies
  A human zombie (Ossuary)
  7 hounds
  6 orc priests
  8 orc wizards
  A bullfrog skeleton (D:8)
  9 iguanas
  12 worker ants
  A hound skeleton (D:8)
  4 mummies (Ossuary)
  2 worker ant zombies (D:11)
  5 gnolls
  9 adders
  A shadow imp (D:11)
  9 white imps (Lair:6)
  2 oozes
  3 worms
  4 dart slugs
  14 leopard geckos
  36 orcs
  11 bats
  8 giant cockroaches
  A gnoll zombie (Ossuary)
  11 goblins
  10 hobgoblins
  28 jackals
  8 quokkas
  2 ball pythons
  12 frilled lizards
  A hobgoblin zombie (Ossuary)
  2 jackal zombies
  13 kobolds
  A kobold zombie (Ossuary)
  An orc zombie (Ossuary)
  A quokka zombie (D:9)
  6 rats
  4 rat zombies (Ossuary)
  2 fungi
  16 plants
550 creatures vanquished.

Vanquished Creatures (collateral kills)
  A hill giant (D:11)
  A komodo dragon (Lair:5)
  A spiny frog (Lair:4)
  A polar bear (IceCv)
  A hornet (D:11)
  Grinder (D:5)
  2 blink frogs (Lair:5)
  A yak (Lair:5)
  A soldier ant (D:10)
  A porcupine (Lair:4)
  4 crocodiles
  2 bullfrogs
  A worker ant (D:4)
  A gnoll (D:8)
  3 white imps (Lair:6)
  2 leopard geckos (Lair:3)
  An orc (D:4)
  A fungus (Lair:5)
26 creatures vanquished.

Vanquished Creatures (others)
  An orc priest (D:4)
  8 fungi
  3 plants
12 creatures vanquished.

Grand Total: 588 creatures vanquished

Notes
Turn   | Place    | Note
-------+----------+-------------------------------------------
     0 | D:1      | itsmu the Deep Elf Earth Elementalist began the quest for the Orb.
     0 | D:1      | Reached XP level 1. HP: 10/10 MP: 6/6
   245 | D:1      | Reached XP level 2. HP: 15/15 MP: 1/8
   716 | D:1      | Reached XP level 3. HP: 20/20 MP: 7/9
   721 | D:1      | Learned a level 3 spell: Stone Arrow
   903 | D:1      | Reached skill level 4 in Earth Magic
  1144 | D:1      | Reached skill level 1 in Fighting
  1325 | D:2      | Reached skill level 1 in Conjurations
  1550 | D:2      | Reached XP level 4. HP: 25/25 MP: 6/10
  1614 | D:2      | Found a shattered altar of Ashenzari.
  2238 | D:3      | Reached XP level 5. HP: 4/29 MP: 0/11
  2629 | D:2      | Learned a level 5 spell: Lee's Rapid Deconstruction
  2650 | D:3      | Reached skill level 5 in Earth Magic
  3033 | D:3      | Found a faded altar of an unknown god.
  3381 | D:4      | Learned a level 1 spell: Animate Skeleton
  3437 | D:4      | Found a sand-covered staircase.
  3448 | D:4      | Noticed a phantom
  3453 | Ossuary  | Entered an ossuary
  3567 | Ossuary  | Reached XP level 6. HP: 16/34 MP: 12/12
  3618 | Ossuary  | Reached skill level 6 in Earth Magic
  4199 | D:4      | Noticed a slave
  4211 | D:4      | Reached skill level 5 in Conjurations
  4211 | D:4      | Reached XP level 7. HP: 26/38 MP: 13/13
  4496 | D:4      | Noticed Blork the orc
  4539 | D:4      | Killed Blork the orc
  4558 | D:4      | Reached skill level 7 in Earth Magic
  5016 | D:4      | Noticed Pikel
  5033 | D:4      | Killed Pikel
  5033 | D:4      | Reached skill level 1 in Armour
  5033 | D:4      | Reached XP level 8. HP: 44/44 MP: 14/14
  5084 | D:4      | Reached skill level 8 in Earth Magic
  5322 | D:5      | Entered Level 5 of the Dungeon
  5336 | D:5      | Found Caujeg's Gadget Shoppe.
  5661 | D:5      | Noticed Grinder
  5665 | D:5      | Killed Grinder
  6370 | D:6      | Reached skill level 5 in Dodging
  6473 | D:6      | Noticed Duvessa
  6473 | D:6      | Noticed Dowan
  6475 | D:6      | Killed Dowan
  6475 | D:6      | Reached skill level 9 in Earth Magic
  6476 | D:6      | Killed Duvessa
  6679 | D:7      | Reached XP level 9. HP: 48/50 MP: 15/15
  6889 | D:7      | Noticed Prince Ribbit
  6890 | D:7      | Killed Prince Ribbit
  7350 | D:7      | Found a staircase to the Ecumenical Temple.
  7359 | Temple   | Entered the Ecumenical Temple
  7376 | Temple   | Became a worshipper of Sif Muna the Loreminder
  7752 | D:8      | Reached skill level 1 in Invocations
  7861 | D:8      | Reached skill level 10 in Earth Magic
  8153 | D:8      | Reached * piety under Sif Muna
  8380 | D:8      | Reached skill level 5 in Spellcasting
  8839 | D:9      | Reached XP level 10. HP: 57/57 MP: 9/19
  9376 | D:9      | Found a staircase to the Orcish Mines.
 10019 | D:10     | Entered Level 10 of the Dungeon
 10105 | D:10     | Noticed a hill giant
 10113 | D:10     | Killed a hill giant
 10113 | D:10     | Reached skill level 11 in Earth Magic
 10152 | D:10     | Got a crude robe
 10182 | D:9      | Identified the +0 robe of Rumengaj {-Tele Str+7 Int+2} (You found it on level 10 of the Dungeon)
 10569 | D:10     | Noticed an unseen horror
 10583 | D:10     | Killed an unseen horror
 10583 | D:10     | Reached ** piety under Sif Muna
 10583 | D:10     | Reached skill level 5 in Fighting
 10776 | D:10     | Found Ykkeodgh's Weapon Emporium.
 10819 | D:10     | Found Ufirchy's Gadget Boutique.
 10829 | D:10     | Bought a phantom mirror for 390 gold pieces
 10863 | D:10     | Found Wustralyu's Distillery.
 10868 | D:10     | Bought a potion of heal wounds for 75 gold pieces
 10868 | D:10     | Bought a potion of curing for 45 gold pieces
 10868 | D:10     | Bought a potion of curing for 45 gold pieces
 11088 | D:10     | Noticed a hill giant
 11099 | D:10     | Killed a hill giant
 11392 | D:10     | Noticed an unseen horror
 11394 | D:10     | Killed an unseen horror
 11394 | D:10     | Reached XP level 11. HP: 49/64 MP: 23/23
 11395 | D:10     | Noticed a hill giant
 11398 | D:10     | Killed a hill giant
 11585 | D:11     | Noticed a red ugly thing
 11601 | D:11     | Killed a red ugly thing
 11834 | D:11     | Reached skill level 12 in Earth Magic
 11945 | D:11     | Noticed a hill giant
 11976 | D:11     | Killed a hill giant
 11976 | D:11     | Reached skill level 5 in Armour
 12220 | D:11     | Reached skill level 5 in Invocations
 12276 | D:11     | Noticed a hill giant
 12281 | D:11     | Killed a hill giant
 12667 | D:11     | Reached *** piety under Sif Muna
 12796 | D:11     | Found a staircase to the Lair.
 12811 | D:11     | Paralysed by a hornet for 1 turns
 12976 | Lair:1   | Entered Level 1 of the Lair of Beasts
 12997 | Lair:1   | Learned a level 2 spell: Repel Missiles
 13000 | Lair:1   | Learned a level 2 spell: Blink
 13002 | Lair:1   | Learned a level 1 spell: Apportation
 13007 | Lair:1   | Learned a level 4 spell: Petrify
 13248 | Lair:1   | Noticed a six-headed hydra
 13277 | Lair:1   | Killed a six-headed hydra
 14334 | Lair:2   | Reached XP level 12. HP: 71/71 MP: 26/26
 14444 | Lair:2   | Reached skill level 13 in Earth Magic
 14583 | Lair:2   | Found a staircase to the Swamp.
 14943 | Lair:2   | Reached **** piety under Sif Muna
 15377 | Lair:2   | Found a staircase to the Snake Pit.
 16825 | Lair:3   | Reached skill level 10 in Dodging
 17022 | Lair:3   | Learned a level 6 spell: Iron Shot
 17038 | Lair:3   | Noticed a death yak
 17043 | Lair:3   | Noticed a death yak
 17049 | Lair:3   | Killed a death yak
 17052 | Lair:3   | Noticed a death yak
 17053 | Lair:3   | Noticed a death yak
 17240 | Lair:3   | Killed a death yak
 17240 | Lair:3   | Reached ***** piety under Sif Muna
 17242 | Lair:3   | Noticed a death yak
 17256 | Lair:3   | Killed a death yak
 17256 | Lair:3   | Identified Sif Muna's Guide on Lethal Flight (Sif Muna gifted it to you on level 3 of the Lair of Beasts)
 17256 | Lair:3   | Received a gift from Sif Muna
 17256 | Lair:3   | Reached skill level 10 in Spellcasting
 17256 | Lair:3   | Reached skill level 14 in Earth Magic
 17453 | Lair:2   | Killed a death yak
 17658 | Lair:3   | Killed a death yak
 17955 | Lair:3   | Reached XP level 13. HP: 76/76 MP: 8/29
 19366 | Lair:4   | Reached skill level 15 in Earth Magic
 19838 | Lair:5   | Identified Sif Muna's Grimoire of Entrancing Enhancements (Sif Muna gifted it to you on level 5 of the Lair of Beasts)
 19838 | Lair:5   | Received a gift from Sif Muna
 20293 | Lair:5   | Found a staircase to the Slime Pits.
 21074 | Lair:6   | Entered Level 6 of the Lair of Beasts
 21376 | Lair:6   | Reached skill level 1 in Shields
 21387 | Lair:6   | ??
 21501 | Lair:6   | Found a frozen archway.
 21502 | Lair:6   | Reached skill level 16 in Earth Magic
 21531 | IceCv    | Entered an ice cave
 22167 | IceCv    | Noticed a frost giant
 22168 | IceCv    | Reached XP level 14. HP: 82/82 MP: 32/32
 22172 | IceCv    | Killed a frost giant
 22174 | IceCv    | Identified Osykoplu's Grimoire of Ashen Flames (Sif Muna gifted it to you in an ice cave)
 22174 | IceCv    | Received a gift from Sif Muna
 22345 | IceCv    | Engulfed by a cloud of freezing vapour

Skill      XL: |  1  2  3  4  5  6  7  8  9 10 11 12 13 14 |
---------------+-------------------------------------------+-----
Dodging        | 3 4 5 6 7 9 10 | 10.2
Earth Magic    | 4 5 6 7 9 10 11 12 14 16 | 16.4
Fighting       | 1 2 3 4 5 6 7 |  7.1
Conjurations   | 1 2 3 5 6 7 |  7.0
Armour         | 1 2 3 4 5 |  5.0
Spellcasting   | 5 7 8 10 12 13 | 13.3
Invocations    | 2 4 5 7 |  7.3
Shields        | 2 |  2.6
Stealth        | |  2.4
Transmutations | |  1.1

Action                   |  1- 3 |  4- 6 |  7- 9 | 10-12 | 13-15 || total
-------------------------+-------+-------+-------+-------+-------++-------
Melee: Whip              |       |       |     3 |   136 |       ||   139
 Cast: Sandblast         |    82 |   131 |    42 |    42 |   132 ||   429
       Stone Arrow       |       |    15 |   116 |   224 |    17 ||   372
       Animate Skeleton  |       |     1 |    30 |    82 |    58 ||   171
       Lee's Rapid Decon |       |       |    21 |   154 |    59 ||   234
       Apportation       |       |       |       |     3 |       ||     3
       Blink             |       |       |       |     2 |     1 ||     3
       Iron Shot         |       |       |       |     7 |    11 ||    18
       Petrify           |       |       |       |       |     1 ||     1
Evoke: Wand              |       |       |       |     3 |     1 ||     4
  Use: Potion            |       |     3 |     1 |     7 |     6 ||    17
       Scroll            |       |     8 |    14 |    12 |     3 ||    37
  Eat: Chunk             |     2 |     7 |    24 |    39 |    21 ||    93
       Meat ration       |       |     1 |       |     1 |       ||     2
       Fruit             |       |       |     1 |     7 |       ||     8
       Bread ration      |       |       |       |     2 |       ||     2
       Beef jerky        |       |       |       |     1 |       ||     1
       Royal jelly       |       |       |       |       |     1 ||     1
Armor: Robe              |    13 |    21 |     6 |     8 |    12 ||    60
Dodge: Dodged            |    29 |    47 |    32 |    91 |    94 ||   293
